 Dungeon Crawl Stone Soup version 0.26-a0-672-g1df16c3386 (webtiles) character file.

Game seed: 4603329453626365965

1366 marklar909 the Cudgeler (level 8, -3/79 HPs)
             Began as a Formicid Abyssal Knight on Oct 20, 2020.
             Was a Priest of Lugonu.
             Slain by Menkaure (7 damage)
             ... on level 6 of the Dungeon.
             The game lasted 00:08:57 (7516 turns).

marklar909 the Cudgeler (Formicid Abyssal Knight)   Turns: 7516, Time: 00:08:58

Health: -3/79      AC: 11    Str: 20    XL:     8   Next: 97%
Magic:  9/11       EV: 12    Int: 11    God:    Lugonu [***...]
Gold:   251        SH:  0    Dex: 10    Spells: 7/7 levels left

rFire    . . .     SeeInvis +   l - +0 morningstar
rCold    . . .     Faith    .   (no shield)
rNeg     . . .     Spirit   .   f - +1 ring mail
rPois    .         Reflect  .   (helmet unavailable)
rElec    .         Harm     .   p - +1 cloak {rCorr}
rCorr    +         Rampage  .   m - +1 pair of gloves
MR       .....                  (no boots)
Stlth    +.........             k - amulet of Vitality {Regen+ HP+15}
HPRegen  0.63/turn              (no ring)
MPRegen  0.12/turn              (no ring)

@: brilliant
A: permanent stasis, dig shafts and tunnels, four strong arms, antennae 3
a: Dig, Shaft Self, Depart the Abyss, Bend Space, Banish, Renounce Religion


You were on level 6 of the Dungeon.
You worshipped Lugonu.
Lugonu was most pleased with you.
You visited 1 branch of the dungeon, and saw 7 of its levels.
You visited the Abyss 1 time.

You collected 251 gold pieces.

Inventory:

Hand Weapons
 l - a +0 morningstar (weapon)
Armour
 f - a +1 ring mail (worn)
 m - a +1 pair of gloves (worn)
 p - a +1 cloak of preservation (worn)
Jewellery
 k - the amulet of Vitality (around neck) {Regen+ HP+15}
   (You found it on level 4 of the Dungeon)

   [amulet of regeneration]

   It affects your health (+15).
   It increases your rate of regeneration.
Wands
 g - a wand of acid (7)
 o - a wand of random effects (18)
Scrolls
 h - a scroll of identify
 j - 2 scrolls of remove curse
Potions
 a - 2 potions of stabbing
 c - a potion of heal wounds {unknown}
 d - a potion of brilliance
 e - 2 potions of might {unknown}
 i - a potion of cancellation {unknown}


   Skills:
 + Level 6.0 Fighting
 + Level 6.7 Maces & Flails
 + Level 5.5 Armour
 + Level 2.9 Dodging
 + Level 1.0 Stealth
 * Level 4.1 Invocations


You had 7 spell levels left.
You didn't know any spells.
Your spell library contained the following spells:

 Spells                   Type           Power        Failure   Level
 Animate Skeleton         Necr           #.....       50%         1
 Pain                     Necr           #...         50%         1
 Vampiric Draining        Necr           #.........   86%         3
 Animate Dead             Necr           #.........   99%         4
 Agony                    Necr           #.......     100%        5


Dungeon Overview and Level Annotations

Branches:
Dungeon (7/15)             Temple (0/1) D:6

Altars:
Ashenzari
Dithmenos
Gozag
Hepliaklqana
Okawaru
Qazlal
Xom

Annotations:
D:3 1 runed translucent door, ringo67's ghost, amateur MfGl
D:6 Menkaure


Innate Abilities, Weirdness & Mutations

You cannot be hasted, slowed, berserked, paralysed or teleported.
You can dig through walls and to a lower floor.
Your four strong arms can wield two-handed weapons with a shield.
You have a pair of large antennae on your head. (SInv)


Message History

The orc convulses! x2; Your body is wracked with pain!
* * * LOW HITPOINT WARNING * * *
The orc closely misses you.
Menkaure calls on the powers of darkness!
The orc convulses! x2; Your body is wracked with pain!
* * * LOW HITPOINT WARNING * * *
You feel better.
The orc hits you from afar with a +0 trident.
* * * LOW HITPOINT WARNING * * *
Space bends around you!
You blink.
Menkaure barely misses you. The orc barely misses you.
Menkaure casts a spell at you. Pain shoots through your body!
* * * LOW HITPOINT WARNING * * *
Unknown command.
Okay, then.
It was a potion of brilliance.
You feel clever all of a sudden. Menkaure hits you!
You die...

#.............#.....
#....##'########....
#....#...#..........
#....#...#..........
#....#...#..........
#[...#...##...##...[
#>...#...##...##..)†
#†)..#...#....##....
######..@.#...#..........
#....'.oMo#...#..........
#....#....#...#..........
######...§###############
######


You could see Menkaure (fast) and 2 orcs.

Vanquished Creatures
  2 centaurs (D:6)
  An ogre (D:6)
  2 bullfrogs (D:6)
  3 scorpions
  A howler monkey (D:5)
  A centaur zombie (D:5)
  A hound (D:6)
  2 centaur skeletons
  A jelly (D:6)
  A bullfrog skeleton (D:6)
  An orc priest (D:6)
  2 iguanas (D:4)
  Crazy Yiuf (D:5)
  4 orc wizards
  6 worker ants
  A hound zombie (D:5)
  A hound skeleton (D:5)
  Robin (D:2)
  8 adders
  7 gnolls
  An ufetubus (D:6)
  2 oozes
  An adder skeleton (D:4)
  A worm (D:2)
  3 dart slugs
  4 leopard geckos
  9 orcs
  9 bats
  4 giant cockroaches
  10 hobgoblins
  2 jackals (D:1)
  4 kobolds
  2 quokkas
  A ball python (D:1)
  7 frilled lizards
  10 goblins
  6 rats
123 creatures vanquished.

Vanquished Creatures (others)
  A plant (D:7)
1 creature vanquished.

Grand Total: 124 creatures vanquished

Notes
Turn   | Place    | Note
-------+----------+-------------------------------------------
     0 | Abyss:1  | marklar909 the Formicid Abyssal Knight began the quest for
                  | the Orb.
     0 | Abyss:1  | Reached XP level 1. HP: 18/18 MP: 2/2
    45 | Abyss:1  | Noticed a purple very ugly thing
    47 | Abyss:1  | Noticed a purple very ugly thing
    47 | Abyss:1  | Noticed a purple ugly thing
    74 | D:1      | Escaped the Abyss
   210 | D:1      | Reached XP level 2. HP: 25/25 MP: 3/3
   334 | D:1      | Reached skill level 1 in Dodging
   383 | D:1      | Reached * piety under Lugonu
   383 | D:1      | Reached XP level 3. HP: 27/30 MP: 4/4
  1265 | D:2      | Reached XP level 4. HP: 37/37 MP: 6/6
  2107 | D:2      | Noticed Robin
  2123 | D:2      | Killed Robin
  2125 | D:2      | Reached ** piety under Lugonu
  2127 | D:2      | Reached XP level 5. HP: 18/43 MP: 7/7
  2826 | D:3      | Found a runed translucent door.
  2874 | D:3      | Noticed a bullfrog
  2876 | D:3      | Noticed ringo67's ghost (amateur MfGl)
  3067 | D:3      | Found an opulent altar of Gozag.
  3680 | D:3      | Found a stormy altar of Qazlal.
  3885 | D:4      | Reached XP level 6. HP: 14/49 MP: 8/8
  4320 | D:4      | Found a shimmering altar of Xom.
  4379 | D:4      | Found a shimmering altar of Xom.
  4379 | D:4      | Found a shimmering altar of Xom.
  4580 | D:4      | Reached skill level 5 in Fighting
  4596 | D:4      | Reached XP level 7. HP: 35/56 MP: 9/9
  5195 | D:4      | Found the amulet of Vitality {Regen+ HP+15}
  5432 | D:5      | Entered Level 5 of the Dungeon
  5475 | D:5      | Found a shadowy altar of Dithmenos.
  5634 | D:5      | Found a broken altar of Ashenzari.
  5745 | D:5      | Found an iron altar of Okawaru.
  6063 | D:5      | Found a runed translucent door.
  6063 | D:5      | Noticed Crazy Yiuf
  6289 | D:5      | Killed Crazy Yiuf
  6361 | D:6      | Reached skill level 5 in Maces & Flails
  6363 | D:6      | Found a staircase to the Ecumenical Temple.
  6380 | D:6      | Reached XP level 8. HP: 61/64 MP: 10/10
  6475 | D:6      | Reached skill level 1 in Stealth
  6556 | D:6      | Reached skill level 5 in Armour
  6660 | D:6      | Reached *** piety under Lugonu
  7496 | D:7      | Noticed Menkaure
  7504 | D:7      | Found a hazy altar of Hepliaklqana.
  7515 | D:6      | HP: 3/79 [Menkaure/nerve-wracking pain (10)]
  7516 | D:6      | Slain by Menkaure

Illustrated notes

Levels and vault maps discovered:
D:1:      dpeg_arrival_round_c, layout_basic,
          wander_ebering_terrifying_dragon_lair
D:2:      layout_basic, uniq_robin
D:3:      layout_basic, lemuel_coloured_pillars_altar, ebering_ghost_sewer_d,
          grunt_gozag_breadcrumbs
D:4:      layout_loops_corners, xom_redecorated
D:5:      layout_rooms, grunt_dithmenos_smoke_and_mirrors,
          okawaru_ov_weapons_minmay, cheibrodos_ashenzari_chains,
          uniq_crazy_yiuf_cottage
D:6:      layout_gridville, minmay_temple_entry_ruins
D:7:      layout_layer_cave, nicolae_overflow_crystal_walls,
          chequers_temple_overflow_minitemple, serial_shops,
          nicolae_shop_overgrown_old_shop, nicolae_shop_statue_plus,
          kennysheep_little_box, uniq_menkaure

Skill      XL: |  1  2  3  4  5  6  7  8 |
---------------+-------------------------+-----
Dodging        | 1 2 |  2.9
Fighting       | 4 5 6 |  6.0
Maces & Flails | 3 4 5 6 |  6.7
Armour         | 3 4 5 |  5.5
Invocations    | 3 4 |  4.1
Stealth        | 1 |  1.0

Action                   |  1- 3 |  4- 6 |  7- 9 || total
-------------------------+-------+-------+-------++-------
Melee: Mace              |    68 |   131 |       ||   199
       Morningstar       |       |    65 |   206 ||   271
Invok: Depart the Abyss  |     1 |       |       ||     1
       Bend Space        |       |       |     2 ||     2
 Abil: Dig               |       |     3 |     1 ||     4
  Use: Scroll            |       |     9 |     5 ||    14
       Potion            |       |       |     2 ||     2
Armor: Leather armour    |    16 |       |       ||    16
       Ring mail         |    12 |    63 |   169 ||   244
Dodge: Dodged            |    45 |   137 |   209 ||   391

Table legend: (Time is in decaauts)
 A = Elapsed time spent in this place.
 B = Non-inter-level travel time spent in this place.
 C = Inter-level travel time spent in this place.
 D = Time resting spent in this place.
 E = Time spent auto-exploring this place.
 F = Levels seen in this place.
 G = Mean time per level.
                   A        B        C        D        E       F      G
               +--------+--------+--------+--------+--------+-----+--------+
         Total |   7645 |   7244 |    401 |   1054 |   4879 |   8 |  955.6 |
       Dungeon |   7571 |   7170 |    401 |   1054 |   4879 |   7 | 1081.6 |
         Abyss |     74 |     74 |      0 |      0 |      0 |   1 |   74.0 |
               +--------+--------+--------+--------+--------+-----+--------+

Top non-repeatable levels by time:
     D:4: 1820 daAuts
     D:2: 1442 daAuts
     D:1: 1299 daAuts
     D:3: 1068 daAuts
     D:6: 974 daAuts
     D:5: 910 daAuts
 Abyss:1: 74 daAuts
     D:7: 56 daAuts
